 Dungeon Sprint DCSS version 0.30-a0-39-g42789b21ef (webtiles) character file.

Game seed: 12746447202605358381

8000 mhtbhm the Bludgeoner (level 11, -3/112 (124) HPs)
             Began as a Troll Berserker on Aug 28, 2022.
             Was the Champion of Trog.
             Slain by an orc knight
             ... wielding a +2 great sword of draining
              (23 damage)
             ... in the Dungeon (Sprint IX: "|||||||||||||||||||||||||||||").
             The game lasted 00:02:44 (973 turns).

mhtbhm the Bludgeoner (Troll Berserker)              Turns: 973, Time: 00:02:45

HP:   -3/112 (124)  AC:  6    Str: 34    XL:     11   Next: 4%
MP:   10/10         EV: 14    Int:  3    God:    Trog [******]
Gold: 50            SH:  0    Dex: 12    Spells: 10/10 levels left

rFire   . . .      SeeInvis .    a - +6 giant club (vorpal)
rCold   + . .      Faith    .    (shield currently unavailable)
rNeg    . . .      Spirit   .    b - +2 robe {rC+}
rPois   .          Reflect  .    (helmet restricted)
rElec   .          Harm     .    (no cloak)
rCorr   .          Rampage  .    (gloves unavailable)
Will    .....      NoTele   +    (boots unavailable)
Stlth   ++........               (no amulet)
HPRegen 1.08/turn                k - +3 ring of dexterity
MPRegen 0.12/turn                l - +3 ring of strength

@: on berserk cooldown, slowed, drained, very slow
A: large, unfitting armour, claws 3, regeneration 1, shaggy fur 1, tough skin 1
a: Renounce Religion, Berserk, Trog's Hand, Brothers in Arms


You were in the Dungeon.
You worshipped Trog.
Trog was exalted by your worship.
You visited 1 branch You collected 50 gold pieces.

Inventory:

Hand Weapons
 a - a +6 vorpal giant club (weapon)
Armour
 b - a +2 robe of cold resistance (worn)
Jewellery
 k - a +3 ring of dexterity (left claw)
 l - a +3 ring of strength (right claw)
Wands
 j - a wand of iceblast (8)
Scrolls
 i - 2 scrolls of enchant weapon
 m - 4 scrolls of enchant armour
 n - a scroll of fog
Potions
 c - 4 potions of curing
 d - 6 potions of heal wounds
 e - 2 potions of haste
 f - 4 potions of magic
 g - 2 potions of berserk rage


   Skills:
 + Level 12.3 Fighting
 + Level 16.8 Maces & Flails
 + Level 11.5 Dodging
 + Level 2.7 Stealth
 + Level 1.1 Evocations


You had 10 spell levels left.
You didn't know any spells.
Your spell library was empty.

Dungeon Overview and Level Annotations

Branches:
Dungeon (1/1)

Altars:
Cheibriados
Dithmenos
Elyvilon
Fedhas
Gozag
Hepliaklqana
Kikubaaqudgha
Makhleb
Nemelex Xobeh
Okawaru
Qazlal
Ru
Sif Muna
Trog
Uskayaw
Vehumet
Wu Jian
Xom
Yredelemnul
Zin
The Shining One
Jiyva
Lugonu


Innate Abilities, Weirdness & Mutations

You are too large for most types of armour.
You have claws for hands.
Your natural rate of healing is unusually fast.
You are covered in fur. (AC +1)
You have tough skin. (AC +1)


Message History

Trog accepts your kill.
Unknown command.
An orc warrior comes into view. It is wielding a +0 mace.
You are no longer berserk.
You are exhausted.
You feel yourself slow down.
The orc warrior shouts!
Things that are here:
a +0 club; 50 gold pieces An orc comes into view.
It is wielding a +0 mace.
The orc knight hits you with a +2 great sword of draining!!
You feel drained. The orc knight misses you.
The orc moves out of view.
An orc warrior comes into view. It is wielding a +0 trident.
You see here 50 gold pieces.
Unknown command.
You hit the orc knight.
The orc knight is lightly wounded.
The orc knight barely misses you.
Unknown command.
Unknown command.
As you read the scroll of fear, it crumbles to dust.
You assume a fearsome visage.
The orc priest looks frightened!
The orc warrior looks frightened!
The orc knight looks frightened!
The orc wizard looks frightened!
The orc warrior looks frightened! x2
The orc wizard casts a spell.
The orc wizard flickers and vanishes!
Cornered, the orc warrior turns to fight! x2
Cornered, the orc knight turns to fight!
Cornered, the orc priest turns to fight!
Things that are here:
a +0 club; 50 gold pieces
Okay, then.
Okay, then.
Your troll goes berserk!
The orc knight hits you with a +2 great sword of draining!!
* * * LOW HITPOINT WARNING * * *
You feel drained.
* * * LOW HITPOINT WARNING * * *
The orc knight hits you with a +2 great sword of draining!!
You die...

▓▓▓▓▓▓▓▓▓▓▓▓▓▓▓▓▓▓▓▓▓▓▓▓▓
............'))T@ooo.o.o{
▓▓▓▓▓▓▓▓▓▓▓▓▓▓▓▓▓▓▓▓▓▓▓▓▓▓▓▓▓▓▓▓▓
..................)..............
▓▓▓▓▓▓▓▓▓▓▓▓▓▓▓▓▓▓▓▓▓▓▓▓▓▓▓▓▓▓▓▓▓
......'......)).....'††.......)††
▓▓▓▓▓▓▓▓▓▓▓▓▓▓▓▓▓▓▓▓▓▓▓▓▓▓▓▓▓▓▓▓▓
.................................
▓▓▓▓▓▓▓▓▓▓▓▓▓▓▓▓▓▓▓▓▓▓▓▓▓▓▓▓▓▓▓▓▓
...).....'.)...'_________________


You could see an orc knight (ally target), 2 orc warriors, an orc priest
(strong), an orc (strong) and a friendly troll (summoned, berserk).

Vanquished Creatures
  A centaur warrior (D)
  A two-headed ogre (D)
  A skeletal warrior (D)
  2 ugly things (D)
  A black mamba (D)
  2 cane toads (D)
  Psyche (D)
  4 komodo dragons (D)
  A hornet (D)
  2 yaks (D)
  A wyvern (D)
  2 wraiths (D)
  2 basilisks (D)
  Eustachio (D)
  2 wargs (D)
  An acid dragon (D)
  4 water moccasins (D)
  A hell hound (D)
  2 orc warriors (D)
  A black bear (D)
  A centaur (D)
  6 wolves (D)
  A phantom (D)
  2 bullfrogs (D)
  A howler monkey (D)
  An orc priest (D)
  An orc wizard (D)
  A shadow imp (D)
  3 orcs (D)
  A ball python (D)
  A giant cockroach (D)
  A quokka (D)
  A frilled lizard (D)
  A kobold (D)
55 creatures vanquished.

Notes
Turn   | Place    | Note
-------+----------+-------------------------------------------
     0 | D        | mhtbhm the Troll Berserker began the quest for the Orb.
     0 | D        | Reached XP level 1. HP: 22/22 MP: 0/0
    13 | D        | Reached skill level 3 in Maces & Flails
    15 | D        | Reached ** piety under Trog
   127 | D        | Noticed a howler monkey
   127 | D        | Noticed a black bear
   127 | D        | Noticed a phantom
   132 | D        | Killed a howler monkey
   133 | D        | Reached skill level 4 in Maces & Flails
   133 | D        | Reached XP level 2. HP: 32/32 MP: 1/1
   133 | D        | Reached XP level 3. HP: 39/39 MP: 2/2
   136 | D        | Killed a black bear
   136 | D        | Reached *** piety under Trog
   137 | D        | Reached skill level 5 in Fighting
   137 | D        | Reached skill level 6 in Maces & Flails
   137 | D        | Reached skill level 5 in Dodging
   137 | D        | Reached XP level 4. HP: 50/50 MP: 3/3
   142 | D        | Reached XP level 5. HP: 57/57 MP: 4/4
   150 | D        | Killed a phantom
   157 | D        | Found a snail-covered altar of Cheibriados.
   157 | D        | Found a shadowy altar of Dithmenos.
   157 | D        | Found a white marble altar of Elyvilon.
   157 | D        | Found a blossoming altar of Fedhas.
   157 | D        | Found an opulent altar of Gozag.
   158 | D        | Found a hazy altar of Hepliaklqana.
   159 | D        | Found a viscous altar of Jiyva.
   160 | D        | Found an ancient bone altar of Kikubaaqudgha.
   161 | D        | Found a corrupted altar of Lugonu.
   162 | D        | Found a burning altar of Makhleb.
   163 | D        | Found a sparkling altar of Nemelex Xobeh.
   164 | D        | Found an iron altar of Okawaru.
   165 | D        | Found a stormy altar of Qazlal.
   166 | D        | Found a sacrificial altar of Ru.
   167 | D        | Found a shimmering blue altar of Sif Muna.
   168 | D        | Found a bloodstained altar of Trog.
   169 | D        | Found a hide-covered altar of Uskayaw.
   170 | D        | Found a radiant altar of Vehumet.
   171 | D        | Found an ornate altar of the Wu Jian Council.
   172 | D        | Found a shimmering altar of Xom.
   173 | D        | Found a basalt altar of Yredelemnul.
   174 | D        | Found a glowing silver altar of Zin.
   175 | D        | Found a glowing golden altar of the Shining One.
   206 | D        | Noticed a centaur
   206 | D        | Noticed a two-headed ogre
   206 | D        | Noticed a yak
   206 | D        | Noticed an acid dragon
   206 | D        | Noticed a hornet
   211 | D        | Killed a two-headed ogre
   211 | D        | Reached **** piety under Trog
   212 | D        | Reached skill level 9 in Maces & Flails
   212 | D        | Reached XP level 6. HP: 56/72 MP: 5/5
   212 | D        | Reached XP level 7. HP: 63/80 MP: 6/6
   215 | D        | Reached skill level 10 in Maces & Flails
   269 | D        | Killed a yak
   270 | D        | Reached XP level 8. HP: 89/89 MP: 7/7
   274 | D        | Killed a hornet
   275 | D        | Reached skill level 11 in Maces & Flails
   307 | D        | Noticed a purple ugly thing
   307 | D        | Noticed a skeletal warrior
   307 | D        | Noticed a centaur warrior
   307 | D        | Noticed a purple ugly thing
   320 | D        | Killed a purple ugly thing
   331 | D        | Killed a skeletal warrior
   331 | D        | Reached ***** piety under Trog
   332 | D        | Reached skill level 10 in Fighting
   332 | D        | Reached skill level 12 in Maces & Flails
   332 | D        | Reached skill level 10 in Dodging
   332 | D        | Reached XP level 9. HP: 42/101 MP: 8/8
   339 | D        | Killed a centaur warrior
   340 | D        | Reached skill level 13 in Maces & Flails
   353 | D        | Killed a purple ugly thing
   354 | D        | HP: 4/102 [wraith (10)]
   357 | D        | Received a gift from Trog
   549 | D        | Noticed a cane toad
   549 | D        | Noticed a komodo dragon
   552 | D        | Reached skill level 14 in Maces & Flails
   552 | D        | Reached skill level 1 in Stealth
   555 | D        | Killed a cane toad
   556 | D        | Reached XP level 10. HP: 113/113 MP: 9/9
   569 | D        | Reached skill level 15 in Maces & Flails
   627 | D        | Noticed a cane toad
   630 | D        | Killed a cane toad
   630 | D        | Reached ****** piety under Trog
   638 | D        | Received a gift from Trog
   643 | D        | Noticed a black mamba
   661 | D        | Reached skill level 1 in Evocations
   661 | D        | Killed a black mamba
   662 | D        | Reached skill level 16 in Maces & Flails
   743 | D        | Received a gift from Trog
   843 | D        | Noticed Psyche
   858 | D        | Killed Psyche
   914 | D        | Noticed Eustachio
   919 | D        | Killed Eustachio
   920 | D        | Reached XP level 11. HP: 124/124 MP: 10/10
   958 | D        | Noticed an orc knight
   961 | D        | Received a gift from Trog
   973 | D        | Slain by an orc knight

Illustrated notes

Levels and vault maps discovered:
D:        linesprint [early_d, line_temple, items_1, d_10, items_2, lair_1,
          lair_end, items_3, orc_1, orc_end, items_4, d_15, swamp_1, shoals_1,
          snake_1, spider_1, d_20, vaults_1, items_5, swamp_end, shoals_end,
          snake_end, spider_end, vaults_end, d_27, items_6, zot_1, zot_end,
          crypt_end, forest_end, elf_end, slime_end, tomb_end, abyss_end,
          pan_hell_end]

Skill      XL: |  1  2  3  4  5  6  7  8  9 10 |
---------------+-------------------------------+-----
Maces & Flails | 4 6 9 10 12 14 16 | 16.8
Fighting       | 3 5 8 10 11 12 | 12.3
Dodging        | 4 5 8 10 11 | 11.5
Stealth        | 1 2 |  2.7
Evocations     | 1 |  1.1

Action                   |  1- 3 |  4- 6 |  7- 9 | 10-12 || total
-------------------------+-------+-------+-------+-------++-------
Melee: Mace              |    24 |    15 |       |       ||    39
       Dire flail        |       |     3 |    47 |       ||    50
       Punch             |       |     1 |       |       ||     1
       Giant club        |       |       |     4 |    76 ||    80
Invok: Berserk           |     1 |     1 |     3 |     3 ||     8
       Brothers in Arms  |       |       |       |     1 ||     1
Evoke: Wand              |       |       |     2 |       ||     2
  Use: Potion            |       |       |     6 |       ||     6
       Scroll            |       |       |     2 |     1 ||     3
 Stab: Invisible         |       |       |     1 |       ||     1
Armor: Animal skin       |     8 |     1 |     5 |     6 ||    20
Dodge: Dodged            |    12 |     6 |    14 |    22 ||    54

Table legend: (Time is in decaauts)
 A = Elapsed time spent in this place.
 B = Non-inter-level travel time spent in this place.
 C = Inter-level travel time spent in this place.
 D = Time resting spent in this place.
 E = Time spent auto-exploring this place.
 F = Levels seen in this place.
 G = Mean time per level.
                   A        B        C        D        E       F      G
               +--------+--------+--------+--------+--------+-----+--------+
         Total |    992 |    992 |      0 |    373 |    132 |   1 |  992.0 |
       Dungeon |    992 |    992 |      0 |    373 |    132 |   1 |  992.0 |
               +--------+--------+--------+--------+--------+-----+--------+

Top non-repeatable levels by time:
       D: 992 daAuts
